 Dungeon Crawl Stone Soup version 0.25-a0-663-gace7076f2c (webtiles) character file.

Game seed: 17567264938941652944, levelgen mode: deterministic

37 Esekla the Stinger (level 3, -1/22 HPs)
             Began as an Octopode Venom Mage on Mar 25, 2020.
             Hit by a javelin thrown by a gnoll (5 damage)
             ... on level 1 of the Dungeon.
             The game lasted 00:08:13 (1259 turns).

Esekla the Stinger (Octopode Venom Mage)            Turns: 1259, Time: 00:08:14

Health: -1/22      AC:  1    Str:  8    XL:     3   Next: 39%
Magic:  2/6        EV: 13    Int: 17    God:
Gold:   73         SH:  0    Dex: 12    Spells: 0/6 levels left

rFire    . . .     SeeInvis .   h - +0 dagger (venom)
rCold    . . .     Gourm    +   (no shield)
rNeg     . . .     Faith    .   (helmet restricted)
rPois    .         Spirit   .   a - amulet of the gourmand
rElec    .         Reflect  .   (no ring)
rCorr    .         Harm     .   (no ring)
MR       .....                  (no ring)
Stlth    +++.......             (no ring)
HPRegen  0.07/turn              (no ring)
MPRegen  0.10/turn              (no ring)
                                (no ring)
                                (no ring)

@: no status effects
A: almost no armour, stealthy swim, amphibious, 8 rings, constrict 8, camouflage
1, gelatinous body 1
a: no special abilities


You were on level 1 of the Dungeon.
You were full.

You visited 1 branch of the dungeon, and saw 2 of its levels.

You collected 73 gold pieces.

Inventory:

Hand Weapons
 h - a +0 dagger of venom (weapon)
Jewellery
 a - an amulet of the gourmand (around mantle)
 f - an uncursed ring of see invisible
Scrolls
 e - a scroll of remove curse {unknown}
 i - a scroll of identify {unknown}
 j - a scroll of enchant armour {unknown}
Potions
 c - a potion of magic {unknown}
 d - a potion of curing
 g - a potion of invisibility {unknown}
Comestibles
 b - 4 rations


   Skills:
 * Level 0.3 Fighting
 * Level 2.2 Dodging
 + Level 2.7 Stealth
 * Level 2.3 Spellcasting
 - Level 1.0 Transmutations
 * Level 1.1 Air Magic
 + Level 4.3 Poison Magic


You couldn't memorise any spells.
You knew the following spells:

 Your Spells              Type           Power        Failure   Level  Hunger
a - Sting                 Tmut/Pois      ##..         6%          1    #......
c - Mephitic Cloud        Conj/Pois/Air  #.......     26%         3    ###....
v - Poisonous Vapours     Pois/Air       ##....       10%         2    ###....

Your spell library contained the following spells:

 Spells                   Type           Power        Failure   Level  Hunger
 Ignite Poison            Fire/Tmut/Pois #.......     26%         3    ###....
 Olgreb's Toxic Radiance  Pois           ###.....     30%         4    #####..


Dungeon Overview and Level Annotations

Branches:
Dungeon (2/15)

Altars:


Innate Abilities, Weirdness & Mutations

You cannot wear most types of armour.
You are very stealthy in the water. (Stealth+)
You are amphibious.
You can wear up to eight rings at the same time.
You can use your tentacles to constrict eight enemies at once.
Your skin changes colour to match your surroundings (Stealth+).
Your rubbery body absorbs attacks. (AC +1, EV +1)


Message History

You start resting.
The gnoll is too close now for your liking.
Casting: Poisonous Vapours (safe; 10% risk of failure)
Confirm with . or Enter, or press ? or * to list all spells.
Aiming: Poisonous Vapours (safe; 10% risk of failure)
Press: ? - help, Dir - move target cursor, f - gnoll
Aim: a gnoll, wielding a +0 spear and quivering 2 javelins (hasn't noticed you) Poisonous vapours surround the gnoll!
The gnoll is engulfed in poison gas.
The gnoll is poisoned.
The gnoll drinks a potion.
The gnoll is healed!
The gnoll looks more healthy.
Your magical contamination has completely faded away.
Casting: Poisonous Vapours (safe; 10% risk of failure)
Confirm with . or Enter, or press ? or * to list all spells.
Aiming: Poisonous Vapours (safe; 10% risk of failure)
Press: ? - help, Dir - move target cursor, f/p - gnoll
Aim: a gnoll, wielding a +0 spear and quivering 2 javelins Poisonous vapours surround the gnoll!
The gnoll is engulfed in poison gas.
The gnoll is poisoned.
The gnoll throws a javelin.
The javelin pierces through you.
You die...

#.# #..........### #. #.#
#...#####..# #. #.# #...#
##.######## #. #.# #...#
#.....÷..# #. ##.####...#
########.####. #.........#
##...##.. #.........#
##....÷... #.........####
#.........
#...........@#######.........
####.##.####......#..........
#.##.# ##......g.........
#..#.####.>.....###.......
##.#..#...#...#......####.
......###...# #..#.####)
#...## #...# #.##....(.
##....#####.## #. ###....
#######...........# .##...##.


You could see a gnoll.

Vanquished Creatures
  An ooze (D:1)
  3 dart slugs (D:1)
  3 leopard geckos
  2 goblins (D:1)
  3 hobgoblins (D:1)
  5 kobolds (D:1)
  2 bats
  3 frilled lizards (D:1)
  2 rats (D:1)
24 creatures vanquished.

Notes
Turn   | Place    | Note
-------+----------+-------------------------------------------
     0 | D:1      | Esekla the Octopode Venom Mage began the quest for the Orb.
     0 | D:1      | Reached XP level 1. HP: 11/11 MP: 3/3
   146 | D:1      | Reached XP level 2. HP: 8/17 MP: 0/5
   224 | D:1      | Learned a level 2 spell: Poisonous Vapours
   228 | D:1      | Reached skill level 4 in Poison Magic
   589 | D:1      | Reached skill level 1 in Air Magic
   770 | D:1      | Reached XP level 3. HP: 17/22 MP: 3/6
   782 | D:1      | Learned a level 3 spell: Mephitic Cloud
  1099 | D:1      | You fall into a shaft and drop 1 floor!
  1259 | D:1      | Hit by a javelin thrown by a gnoll

Levels and vault maps discovered:
D:1:      kennysheep_arrival_forest, layout_rooms, minmay_strange_pillars
D:2:      layout_basic

Skill      XL: |  1  2 |
---------------+-------+-----
Poison Magic   | 4 |  4.3
Air Magic      | 1 |  1.1
Fighting       | |  0.3
Dodging        | |  2.2
Stealth        | |  2.7
Spellcasting   | |  2.3
Transmutations | |  1.0

Action                   || total
-------------------------++-------
Melee: Unarmed           ||    10
       Constrict         ||    12
       Dagger            ||    42
       Tentacles         ||     4
 Cast: Sting             ||     6
       Poisonous Vapours ||    10
 Stab: Sleeping          ||     1
  Eat: Chunk             ||     7
Armor: Skin              ||     3
Dodge: Dodged            ||    28

Table legend:
 A = Non-vault XP
 B = Vault XP
 C = Vault XP percentage of total XP
 D = Non-vault monster count
 E = Vault monster count
 F = Vault count percentage of total count
                 A         B        C        D         E       F
            +---------+---------+-------+---------+---------+-------
      Total |      53 |       0 |   0.0 |      24 |       0 |   0.0
            +---------+---------+-------+---------+---------+-------
        D:1 |      48 |       0 |   0.0 |      22 |       0 |   0.0
        D:2 |       5 |       0 |   0.0 |       2 |       0 |   0.0
            +---------+---------+-------+---------+---------+-------
